Cogmind - Beta 15 @@@ ROGUE MODE // 2025.06.30 @ 22:33:40 Player: Selene Result: Destroyed by XQ-ETB(E) with Heavy Battle Rifle Performance ------------- Evolutions (0) 0 Regions Visited (4) 800 Robots Destroyed (29) 145 Value Destroyed (744) 744 Prototype IDs (20) 400 Alien Tech Used (0) 0 Bonus (211) 211 TOTAL SCORE: 2300 Bonus ------- Registered with UFD 300 Friendly Fire -89 Cogmind --------- Core Integrity 0/250 Matter 300/300 Energy 99/100 System Corruption 0% Temperature Cool (0) Movement Core (50) Location -9/Scraptown Parts ------- > --- POWER (1) -------- (None) > --- PROPULSION (2) --- (None) > --- UTILITY (2) ------ (None) > --- WEAPON (2) ------- (None) > --- INVENTORY (5) ---- Arachnoskeleton Seismic Detector Rocket Launcher Peak State ------------ > --- POWER ------------ Light Nuclear Core > --- PROPULSION ------- Light Treads Light Treads > --- UTILITY ---------- High-capacity Storage Unit Expert System > --- WEAPON ----------- Subdweller Beam Cannon Ripteeth > --- INVENTORY -------- Improved Ion Engine Light Treads Improved Aluminum Leg Arachnoskeleton Cooling System Improved Cooling System Huge Storage Unit High-capacity Matter Pod Structural Scanner Seismic Detector Improved Salvage Targeting Computer Core Analyzer Medium Armor Plating Authchip [Propulsion] Drone Bay Rocket Launcher Multitool [Rating: 24] Favorites ----------- Power Subdweller Power Source Engine Subdweller Power Source Power Core Light Nuclear Core Propulsion Light Treads Treads Light Treads Wheel Wheel Utility Seismic Detector Device Seismic Detector Storage Large Storage Unit Processor Expert System Protection Medium Armor Plating Weapon Subdweller Beam Cannon Energy Gun Medium Laser Energy Cannon Subdweller Beam Cannon Ballistic Gun Light Assault Rifle Launcher Grenade Launcher Impact Weapon Makeshift Hammer Slashing Weapon Katana Build | -11 -10 -10 -9 -9 ------- Run | Yrd Mat Sub Rec Scr Slots Evolved . | . . . . . Power . | . . . . . Propulsion . | . . . . . Utility . | . . . . . Weapon . | . . . . . Parts Attached 39 | 7 3 16 8 5 Power 6 | 1 1 3 . 1 Engine 5 | 1 1 3 . . Core 1 | . . . . 1 Reactor . | . . . . . Propulsion 10 | 2 . 4 4 . Treads 4 | . . 1 3 . Leg . | . . . . . Wheel 6 | 2 . 3 1 . Hover . | . . . . . Flight . | . . . . . Utility 10 | 2 2 . 3 3 Device 1 | 1 . . . . Storage 4 | 1 1 . 1 1 Processor 2 | . . . . 2 Hackware . | . . . . . Protection 3 | . 1 . 2 . Artifact . | . . . . . Weapon 13 | 2 . 9 1 1 Energy Gun 3 | 1 . 2 . . Energy Cannon 1 | . . 1 . . Ballistic Gun 3 | 1 . 2 . . Ballistic Cannon . | . . . . . Launcher 2 | . . 2 . . Special Weapon . | . . . . . Impact Weapon 2 | . . 2 . . Slashing Weapon 2 | . . . 1 1 Piercing Weapon . | . . . . . Special Melee Weapon . | . . . . . Unidentified Prototypes 1 | . . . . 1 Parts Lost 4 | . . 2 1 1 Power 1 | . . 1 . . Propulsion . | . . . . . Utility 1 | . . . 1 . Weapon 2 | . . 1 . 1 Highest Loss Streak 1 | . . 1 1 1 To Critical Strikes . | . . . . . Average Backups 14 | 3 14 13 14 15 Power 1 | . 1 . 1 1 Propulsion 3 | 1 4 3 4 2 Utility 5 | . 5 3 4 9 Weapon 3 | . 2 5 4 1 Tool/Special . | . . . . . Unused Backups 40 | . 9 9 6 16 Power 3 | . . 1 . 2 Propulsion 5 | . 1 1 1 2 Utility 23 | . 7 4 2 10 Weapon 8 | . 1 3 3 1 Tool/Special 1 | . . . . 1 Average Slot Usage (%) 99 | . 100 99 99 99 Engine 11 | . 14 13 14 6 Core 2 | . . . . 7 Treads 16 | . . 6 24 27 Wheel 11 | . 28 21 3 . Device 8 | . 13 12 10 . Storage 14 | . 14 14 14 14 Protection 5 | . . 1 3 13 Energy Gun 1 | . 14 1 . . Energy Cannon 10 | . . 7 14 14 Ballistic Gun 1 | . 14 2 . . Launcher 2 | . . 5 . . Impact Weapon 5 | . . 11 5 . Slashing Weapon 6 | . . . 8 14 Peak Build Rating 24 | 7 9 17 18 24 Average Rating 14 | 5 8 13 16 17 On Entrance 10 | . 7 9 17 17 Naked Turns 4 | . . . . 4 Heaviest Build 62 | 12 29 40 62 62 Greatest Support 40 | 26 26 30 40 40 Greatest Overweight (x) 3 | . 1 3 1 1 Average Overweight (x) . | . . 1 . . Largest Inventory Capacity 20 | 8 15 15 20 20 Average Capacity 17 | 7 14 15 17 19 Most Carried 20 | 6 15 15 20 20 Average Carried 16 | 3 14 14 17 18 Final Capacity 20 | 8 15 15 20 5 Final Carried 20 | 6 15 15 20 5 Class Distribution -------------------- 58% | Mutant 41% | Commander-Mutant Dominant Class ---------------- Mutant | -10/Materials Mutant | -10/Subcaves Commander-Mutant | -9/Recycling Commander-Mutant | -9/Scraptown Resources | -11 -10 -10 -9 -9 ----------- Run | Yrd Mat Sub Rec Scr Matter Collected 1400 | 274 52 544 265 265 Remotely . | . . . . . Salvage Created 844 | 58 190 303 218 75 Parts 58 | 11 12 17 10 8 Haulers Intercepted 1 | . 1 . . . Recyclers Shooed 1 | 1 . . . . Parts Field Recycled . | . . . . . Retrieved Matter . | . . . . . Parts Self-Destructed 8 | . . 8 . . Prevented . | . . . . . Kills | -11 -10 -10 -9 -9 ------- Run | Yrd Mat Sub Rec Scr Combat Hostiles Destroyed 21 | . 2 13 5 1 Melee 1 | . . . . 1 Guns 3 | . 2 1 . . Cannons 7 | . . 3 4 . AOE 8 | . . 8 . . Classes Destroyed 13 | 1 4 3 3 2 Worker 1 | . 1 . . . Tunneler 3 | 3 . . . . Hauler 1 | . 1 . . . Turret 2 | . . 2 . . Watcher 1 | . 1 . . . Swarmer 5 | . . 5 . . Grunt 3 | . 2 . 1 . Duelist 1 | . . . 1 . Protector 1 | . . . 1 . Sentry 2 | . . . 2 . Subdweller 8 | . . 8 . . Bolteater 1 | . . . . 1 Scientist 1 | . . . . 1 Best Kill Streak 3 | 3 3 3 3 1 Combat Bots Only 3 | . 1 3 3 1 Max Kills in Single Turn 2 | 1 2 2 1 1 Gunslinging . | . . . . . Exploded 2 | . . 2 . . Melee 1 | . . . . 1 Uniques/NPCs Destroyed . | . . . . . Combat | -11 -10 -10 -9 -9 -------- Run | Yrd Mat Sub Rec Scr Hostile Shots Fired 169 | . 3 94 25 47 Missed 62 | . . 40 4 18 Hits 107 | . 3 54 21 29 Melee 16 | . . . . 16 Projectile 91 | . 3 54 21 13 Critical Strikes 2 | . . . 2 . Damage Taken 915 | . 33 382 241 259 Core 253 | . 10 23 36 184 Absorbed by Shields 57 | . . . 57 . Core Remaining (%) 100 | 100 . . . . Volleys Fired 67 | 4 16 32 13 2 Largest 2 | 2 2 2 1 1 Hottest 110 | 70 70 110 80 80 Shots Fired 99 | 8 32 44 13 2 Gun 60 | 8 32 20 . . Cannon 23 | . . 8 13 2 Launcher 16 | . . 16 . . Special . | . . . . . Kinetic 40 | 4 16 20 . . Thermal 43 | 4 16 8 13 2 Explosive 16 | . . 16 . . Electromagnetic . | . . . . . Robot Hit Streak 7 | 4 5 7 6 7 Robot Miss Streak 3 | 1 3 3 1 1 Penetration Max . | . . . . . Secondary Targets . | . . . . . Shots Hit Robots 63 | 5 19 26 10 3 Core Hits 42 | 4 9 23 4 2 Critical Kills 1 | . . . 1 . Critical Parts Destroyed . | . . . . . Critical Strikes 2 | . 1 . 1 . Burn 1 | . 1 . . . Meltdown 1 | . . . 1 . Melee Attacks 34 | . . 30 . 4 Impact 30 | . . 30 . . Slashing 4 | . . . . 4 Piercing . | . . . . . Sneak Attacks 1 | . . . . 1 Combat Hostiles . | . . . . . Follow-up Attacks . | . . . . . Damage Inflicted 1983 | 55 209 1274 330 115 Guns 530 | 55 209 266 . . Cannons 454 | . . 106 330 18 Explosions 858 | . . 858 . . Melee 141 | . . 44 . 97 Ramming . | . . . . . Kinetic 357 | 19 72 266 . . Thermal 627 | 36 137 106 330 18 Explosive 858 | . . 858 . . Electromagnetic . | . . . . . Impact 44 | . . 44 . . Slashing 97 | . . . . 97 Piercing . | . . . . . Highest Corruption . | . . . . . Average Corruption . | . . . . . Corruption Purged . | . . . . . Corruption Blocked . | . . . . . Overload Shots . | . . . . . Overflow Damage 68 | . . 68 . . Projectiles . | . . . . . Explosions 44 | . . 44 . . Melee 24 | . . 24 . . Knockbacks . | . . . . . Impact . | . . . . . Kinetic . | . . . . . Secondary . | . . . . . Self-Inflicted Damage . | . . . . . Shots . | . . . . . Rammed . | . . . . . Targets Rammed . | . . . . . Kicked . | . . . . . Crushed . | . . . . . Highest Temperature 168 | 40 74 1 168 88 Average Temperature 42 | 19 21 1 64 45 Received Heat Transfer 215 | . 18 96 101 . Siege Activations . | . . . . . Martial Activations . | . . . . . Shielding Activations . | . . . . . Robots Disrupted . | . . . . . Combat Hostiles . | . . . . . Robots Corrupted 1 | . . 1 . . Combat Hostiles 1 | . . 1 . . Parts Fried . | . . . . . Impact Corruptions 2 | . . 2 . . Robots Melted 1 | . . . 1 . Combat Hostiles 1 | . . . 1 . Parts Melted 4 | . 1 . 3 . Heat Transferred 1221 | 111 481 148 444 37 Parts Sabotaged . | . . . . . Parts Stolen 3 | . . . . 3 Parts Stripped . | . . . . . Power Chain Reactions . | . . . . . Alert | -11 -10 -10 -9 -9 ------- Run | Yrd Mat Sub Rec Scr Maximum Alert Level . | . . . . . Low Security (%) 100 | 100 100 . 100 . Level 1 . | . . . . . Level 2 . | . . . . . Level 3 . | . . . . . Level 4 . | . . . . . Level 5 . | . . . . . High Security . | . . . . . Max Security . | . . . . . Peak Influence 56 | 10 30 . 56 . Initial . | . . . . . Average 7 | 1 4 . 8 . Influence Increases 534 | 15 84 180 255 . Destroy 0b10 Robot/C 260 | . 40 140 80 . Destroy 0b10 Robot/NC 35 | 15 15 . 5 . Destroy Leader 24 | . 14 10 . . Allied During Kill 1 | . . . 1 . Successful Hack 18 | . . . 18 . Select Force Hacks 150 | . . . 150 . Destroy Structure 1 | . . . 1 . Lose Combat Pursuer 45 | . 15 30 . . Influence Decreases 534 | 15 84 180 255 . Time Decay 494 | 15 84 170 225 . Lost Part 20 | . . 10 10 . Lost Ally 20 | . . . 20 . Squads Dispatched 1 | . 1 . . . Investigation . | . . . . . Extermination . | . . . . . Reinforcement 1 | . 1 . . . Assault . | . . . . . Garrison . | . . . . . Intercept . | . . . . . Searches Triggered . | . . . . . Construction Impeded . | . . . . . Haulers Reinforced . | . . . . . Active Scanning Responses . | . . . . . Cargo Convoy Interrupts . | . . . . . Stealth | -11 -10 -10 -9 -9 --------- Run | Yrd Mat Sub Rec Scr Distress Signals . | . . . . . Communications Jammed . | . . . . . Distress Signals . | . . . . . Times Spotted 42 | . 7 19 4 12 Peak Tracking Total 18 | . 2 5 2 18 Tactical Retreats 2 | . 1 1 . . Traps | -11 -10 -10 -9 -9 ------- Run | Yrd Mat Sub Rec Scr Traps Triggered . | . . . . . Indirectly . | . . . . . Trap Hack Attempts . | . . . . . Triggered . | . . . . . Disarmed . | . . . . . Reprogrammed . | . . . . . Reused . | . . . . . Traps Extracted . | . . . . . Installed . | . . . . . Triggered . | . . . . . Machines | -11 -10 -10 -9 -9 ---------- Run | Yrd Mat Sub Rec Scr Machines Disabled 4 | . . 4 . . Max in Single Turn 2 | . . 2 . . Machines Repaired . | . . . . . Machines Dismantled . | . . . . . Machines Sabotaged . | . . . . . Overloaded Fab Kills . | . . . . . Hacking | -11 -10 -10 -9 -9 --------- Run | Yrd Mat Sub Rec Scr Machines Accessed 18 | . 2 4 10 2 Terminals 7 | . 2 . 5 . Fabricators . | . . . . . Repair Stations . | . . . . . Recycling Units 5 | . . . 5 . Scanalyzers . | . . . . . Garrison Access . | . . . . . Total Hacks 51 | . 6 10 33 2 Successful 34 | . 3 10 19 2 Failed 16 | . 3 . 13 . Catastrophic . | . . . . . Database Lockouts 1 | . . . 1 . Manual 20 | . 3 . 17 . Terminals 25 | . 6 . 19 . Fabricators . | . . . . . Repair Stations . | . . . . . Recycling Units 14 | . . . 14 . Scanalyzers . | . . . . . Garrison Access . | . . . . . Terminal Hacks 20 | . 2 10 6 2 Record 9 | . . 7 1 1 Robot Schematic 1 | . . . 1 . Robot Analysis 1 | . . . 1 . Prototype ID Bank 1 | . . . 1 . Open Door 1 | . . 1 . . Recycling Unit Index 1 | . . . 1 . Hauler Manifests 1 | . 1 . . . Zone Layout 2 | . 1 . 1 . Proto ID Catalog 2 | . . 1 . 1 Release Object 1 | . . 1 . . Fabricator Hacks . | . . . . . Repair Station Hacks . | . . . . . Recycling Unit Hacks 4 | . . . 4 . Retrieve Components 4 | . . . 4 . Scanalyzer . | . . . . . Garrison Access Hacks . | . . . . . Unauthorized Hacks 10 | . 1 . 9 . Terminals 5 | . 1 . 4 . Botnet 3 | . 1 . 2 . Skim 2 | . . . 2 . Fabricators . | . . . . . Repair Stations . | . . . . . Recycling Units 5 | . . . 5 . Tunnel 5 | . . . 5 . Scanalyzers . | . . . . . Garrison Access . | . . . . . Data Cores Recovered . | . . . . . Used . | . . . . . Hacking Detections 8 | . 2 . 6 . Full Trace Events . | . . . . . Feedback Events . | . . . . . Feedback Blocked . | . . . . . Robot Schematics Acquired 1 | . . . 1 . Robots Built . | . . . . . Authchips . | . . . . . Time . | . . . . . Total Robot Build Rating . | . . . . . Part Schematics Acquired . | . . . . . Parts Built . | . . . . . Authchips . | . . . . . Time . | . . . . . Total Part Build Rating . | . . . . . Parts Repaired . | . . . . . Time . | . . . . . Parts Recycled . | . . . . . Recycled Matter . | . . . . . Retrieved Matter . | . . . . . Retrieved Components 13 | . . . 13 . Parts Scanalyzed . | . . . . . Part Schematics Acquired . | . . . . . Parts Damaged . | . . . . . Bothacking | -11 -10 -10 -9 -9 ------------ Run | Yrd Mat Sub Rec Scr Used RIF Installer . | . . . . . Robots Hacked . | . . . . . Non-combat . | . . . . . Combat . | . . . . . Robot Hacks Applied . | . . . . . Relay Couplers Released . | . . . . . Fabnet Peak Effective % . | . . . . . Robots Rewired 7 | . . . 7 . Allies Hacked . | . . . . . Hacks Repelled . | . . . . . Allies | -11 -10 -10 -9 -9 -------- Run | Yrd Mat Sub Rec Scr Total Allies 7 | . . . 7 . Largest Group 6 | . . . 6 5 Highest-Rated Group 67 | . . . 67 59 Highest-Rated Ally 27 | . . . 27 27 Total Orders . | . . . . . Ally Attacks 4 | . . . 4 . Total Damage 65 | . . . 65 . Kills . | . . . . . Allies Corrupted . | . . . . . Allies Melted . | . . . . . Intel | -11 -10 -10 -9 -9 ------- Run | Yrd Mat Sub Rec Scr Active Infowar (turns) 4941 | 14 449 3086 1392 . Seismic 4941 | 14 449 3086 1392 . Robot Analysis Total 1 | . . . 1 . Derelict Logs Recovered 5 | . . . . 5 Drone Launches . | . . . . . Drone Recoveries . | . . . . . Exploration | -11 -10 -10 -9 -9 ------------- Run | Yrd Mat Sub Rec Scr Turns Passed 8117 | 73 465 3318 1816 2445 Spaces Moved 4261 | 52 277 2092 827 1013 Core 10 | 1 . . . 9 Treads 2231 | . . 634 593 1004 Legs . | . . . . . Wheels 2020 | 51 277 1458 234 . Hover . | . . . . . Flight . | . . . . . Fastest Speed 50 | 50 90 95 120 50 Average Speed 171 | 88 104 141 190 238 Slowest Speed 240 | 90 105 240 240 240 Overloaded Moves . | . . . . . Propulsion Burnouts . | . . . . . Robots Hopped . | . . . . . Potential Cave-ins . | . . . . . Cave-ins Triggered . | . . . . . Exploration Rate (%) 61 | 4 36 87 98 83 Regions Visited 4 Branch Regions 3 Pre-discovered Areas 8 | . . 2 5 1 Known Exits Taken . | . . . . . Unknown Exits Taken 4 | 1 1 1 1 . Scrap Searched 6 | . . 3 . 3 Spaces Dug 8 | . . 8 . . Terrain Destroyed 90 | . . 88 1 1 Melee 5 | . . 5 . . Projectile 4 | . . 2 1 1 AOE 81 | . . 81 . . Terrain Rammed . | . . . . . Walls Destroyed . | . . . . . Machines Disabled . | . . . . . Actions | -11 -10 -10 -9 -9 --------- Run | Yrd Mat Sub Rec Scr Total 4941 | 68 429 2347 1055 1042 Wait 295 | . 102 117 76 . Move 4257 | 51 276 2091 826 1013 Hop . | . . . . . Pick Up 63 | 6 19 19 12 7 Fast Attach 11 | 7 . . 2 2 Attach 3 | . . 2 . 1 Detach 2 | . . . . 2 Swap 46 | . 4 33 6 3 Drop 53 | . 12 23 10 8 Fire 67 | 4 16 32 13 2 Melee 34 | . . 30 . 4 Ram . | . . . . . Kick . | . . . . . Crush . | . . . . . Escape Stasis . | . . . . . Rewire 110 | . . . 110 . Trap . | . . . . . Miscellaneous . | . . . . . Route ------- -11/Scrapyard -10/Materials (discovered 2 exits: [*Mat] / *Sub) -10/Subcaves (discovered 3 exits: [*Mat x2] / *Rec) -9/Recycling (discovered 2 exits: [*Fac] / *Scr) -9/Scraptown (discovered 1 exit: [*Fac]) History --------- Turn | Location | Event 13 | -11/Scrapyard | Discovered new exit (range 15) 74 | -11/Scrapyard | Entered Materials 340 | -10/Materials | Discovered new exit (range 6) 351 | -10/Materials | Build established: Mutant 424 | -10/Materials | Discovered new exit (range 11) 539 | -10/Materials | Entered Subcaves 540 | -10/Subcaves | Approached by a straggling Scientist 549 | -10/Subcaves | Shifting Twisted Machinery released Sub. Machine Gun 572 | -10/Subcaves | Shifting Twisted Machinery released Sub. Laser 575 | -10/Subcaves | Learned location of Zion (-6) 575 | -10/Subcaves | Met a Zionite searching for "candidates" 1084 | -10/Subcaves | Visited Clippyterm 1087 | -10/Subcaves | Learned location of Section 7 (-2) 1087 | -10/Subcaves | Learned Factory trap positions 1215 | -10/Subcaves | A swath of the cavern ceiling suddenly collapsed 1975 | -10/Subcaves | Discovered new exit (range 14) 2298 | -10/Subcaves | Visited 4L-MR0's lab 2317 | -10/Subcaves | Found Arachnoskeleton 2587 | -10/Subcaves | Disturbed a concealed Subdweller 2691 | -10/Subcaves | Shifting Twisted Machinery released Sub. Optics 2719 | -10/Subcaves | Shifting Twisted Machinery released Sub. Power Source 2753 | -10/Subcaves | Discovered new exit (range 13) 3444 | -10/Subcaves | Discovered new exit (range 5) 3857 | -10/Subcaves | Entered Recycling 4230 | -9/Recycling | Discovered new exit (range 16) 5050 | -9/Recycling | Build established: Commander-Mutant 5574 | -9/Recycling | Scanned before Scraplab entrance 5610 | -9/Recycling | Entered Scraplab 5629 | -9/Recycling | Discovered new exit (range 3) 5673 | -9/Recycling | Entered Scraptown 5673 | -9/Scraptown | Accompanied by 5 allies 6044 | -9/Scraptown | Scanned Subdweller tech in exchange for log data 6051 | -9/Scraptown | Learned Factory terminal intel 6053 | -9/Scraptown | Learned Factory emergency access door positions 6056 | -9/Scraptown | Learned location of 2 exits from Upper Caves 6058 | -9/Scraptown | Learned location of 1 exit from Proximity Caves 6113 | -9/Scraptown | Discovered new exit (range 11) 6990 | -9/Scraptown | Visited Awakened 7028 | -9/Scraptown | Visited SPCMW 7112 | -9/Scraptown | Visited Cyclists 7150 | -9/Scraptown | Visited TADAMA 7196 | -9/Scraptown | Visited Red Mages 7278 | -9/Scraptown | Visited CPS Storage 7326 | -9/Scraptown | Visited UFD Registry 7326 | -9/Scraptown | Registered with UFD as "Wavesourcer" 7496 | -9/Scraptown | Delivered Scrap Shield to a Scientist 7724 | -9/Scraptown | Visited Botcube Research 7777 | -9/Scraptown | Visited Chapter 10 7858 | -9/Scraptown | Visited Science Guys 7978 | -9/Scraptown | Visited Cartography Club 8022 | -9/Scraptown | Visited Scrapoid Pod Storage 8065 | -9/Scraptown | Visited A0-MCA Data Center 8080 | -9/Scraptown | Attacked by Scraptown defenders 8089 | -9/Scraptown | Found Prototype Processor 8089 | -9/Scraptown | Identified Expert System 8114 | -9/Scraptown | Released all parts (4) 8116 | -9/Scraptown | Core integrity fell below 50% 8118 | -9/Scraptown | Core integrity fell below 20% 8118 | -9/Scraptown | Destroyed by XQ-ETB(E) with Heavy Battle Rifle Last Messages --------------- 08102_ Savior 2a destroyed. 08104_ Acquired Ripteeth. 08106_ 5K-YY7(r) follow-up attacks with Ripteeth. 08106_ Lgt. Nuclear Core ripped off. 08106_ 5K-YY7(r) follow-up attacks with Ripteeth. 08108_ Lgt. Treads ripped off. 08109_ LZ-NN1(p): "Murder hobos aren't welcome in Scraptown!" 08112_ Lgt. Treads ripped off. 08113_ Penetrated by Slug. 08113_ Ripteeth destroyed. 08114_ Released Lgt. Treads. 08114_ Released Expert System. 08114_ Released Hcp. Storage Unit. 08114_ Released Sub. Beam Cannon. 08114_ Acquired 35 matter. 08116_ Penetrated by Slug. 08118_ Machine disabled. Map ----- +----------------------------------------------------+ | ?????????????????????????????????????????????????? | | ?????????????????????????????????????????????????? | | ?????????????????????????????????????????????????? | | ?????????????????????????????????????????????????? | | ?????????????????????????????????????????????????? | | ?????????????????????????????????????????????????? | | ?????????????????????????????????????????????????? | | ?????????????????????????????????????????????????? | | ??????????????########???????????????????????????? | | ?????????????#"""""""""#?????????????????????????? | | ?????????????#"""""""""#?cc#?????????????????????? | | ?????????????#"""""""""#?c #?????????????????????? | | ?????????????#"""""""""#? #?????????????????????? | | ???###########"""=%*"""#? #?????? ??????????????? | | ???#""""""" ##""" ="""#? #????? ???????????????? | | ???#" ! "##"!"!! """#? #???? ????????????????? | | ???#" "##"""!!""""#? #??? ????????????????? | | ???#" "##"""/%!"""## #??? ?????????????????? | | ???#" "## *!!!=] "## #?? ??????????????????? | | ???#### #########=#=##### #? #??????????????????? | | ####### #########!|%%=;## E## ##?????????????????? | | """"""" """""""!!!!%x! "cc" "#?????????????????? | | !*%!%%!rE "#?????????????????? | | *[=%==r E "#?????????????????? | | ==[! Ec "#?????????????????? | | @ "#?????????????????? | | p ???????????? | | """""""""""""""""""""" "" "## ! ! ????????? | | """"""""""""""""""""""""" "#???"""""?????????? | | ##### ################"" "#?????????????????? | | ???? ??????????????#"" "#?????????????????? | | ???? ??????????????#"" "#?????????????????? | | ? "" "???????????????""c "#?????????????????? | | ""? ?????????????????" "#?????????????????? | | " ?????????????????" "#?????????????????? | | "?????????????????? c ?????????????????? | | "?????????????????? "#?????????????????? | | " ?????????????????"p "#?????????????????? | | "" ????????????????" "#?????????????????? | | ? "" ""??????????????"" "#?????????????????? | | ??? ?????????????#"" "#?????????????????? | | ???? ??????????????#"" "#???#?????????????? | | ##### ################"" "#?? "?????????????? | | """"""""""""""""""""""""" "## ??????????????? | | """"""""""""""""""""""""" ???????????????? | | "#?????????????????? | | "#?????????????????? | | "#?????????????????? | | ##????????????????? | | #????????????????? | +----------------------------------------------------+ Best States ------------- Heat Dissipation 25 Energy Generation 15 Energy Capacity 250 Matter Stores 300 Matter Capacity 300 Sight Range 16 Terrain Scan Density 10 Armor Coverage 225 Evasion (%) 44 Recoil Reduction 2 Authchip Count 1 Item Schematics ----------------- None Robot Schematics ------------------ W-16 Scout | -9/Recycling | Hacked Fabricated ------------ Nothing Repaired ---------- Nothing Alien Tech Used ----------------- None Achievements -------------- None Challenges ------------ None Game ------ Seed NeutronLongswordPurifier Manual? 0 Play Time 00:43:08 Cumulative 206.0 hours Start 2025.06.30 @ 21:50:24 End 2025.06.30 @ 22:33:40 Sessions 1 Manual Loads 0 Difficulty Rogue Special Mode None Game No. 133 Rogue 129 Adventurer 4 Explorer 0 Win Type - Total 7 Types 6/0/1/0/0/0/0/0/0/0 Lore% 79 Gallery% 69 Achievement% 60 Wizard Run 0 Options --------- Layout 1 ASCII 0 Keyboard 1 Movement Vi Keybinds 1 Fullscreen 2 Font 24/Smallcaps Map View 50x35 Zoom Use 0% Tactical HUD 1 Map Filters NONE Filters NONE Steam 1 RUN: 426b291f-99b0-49fa-85ae-a9f3e60bed00